 Dungeon Crawl Stone Soup version 0.30-a0-373-gd37427bb62 (webtiles) character file.

Game seed: 17716333875775740846

8 ryw the Caller (level 2, 17/19 HPs)
             Began as a Demonspawn Summoner on Nov 23, 2022.
             Quit the game on level 1 of the Dungeon.
             The game lasted 00:00:44 (269 turns).

ryw the Caller (Demonspawn Summoner)                 Turns: 269, Time: 00:00:45

Health: 17/19      AC:  2    Str:  8    XL:     2   Next: 0%
Magic:  5/5        EV: 12    Int: 16    God:
Gold:   16         SH:  0    Dex: 13    Spells: 4/5 levels left

rFire   . . .      SeeInvis .    f - +0 spear
rCold   . . .      Faith    .    (no shield)
rNeg    . . .      Spirit   .    a - +0 robe
rPois   .          Reflect  .    (no helmet)
rElec   .          Harm     .    (no cloak)
rCorr   .          Rampage  .    (no gloves)
Will    .....                    (no boots)
Stlth   ++........               (no amulet)
HPRegen 0.23/turn                (no ring)
MPRegen 0.09/turn                (no ring)

@: no status effects
A: weakness stinger 1
a: no special abilities


You were on level 1 of the Dungeon.
You visited 1 branch of the dungeon, and saw 1 of its levels.

You collected 16 gold pieces.

Inventory:

Hand Weapons
 f - a +0 spear (weapon)
Armour
 a - a +0 robe (worn)
Jewellery
 e - an amulet of guardian spirit
Scrolls
 c - a scroll of blinking {unknown}
Potions
 b - 2 potions of magic
 d - a potion of degeneration {unknown}


   Skills:
 - Level 1.7 Dodging
 - Level 1.7 Stealth
 + Level 2.3 Spellcasting
 + Level 4.2 Summonings


You had 4 spell levels left.
You knew the following spells:

 Your Spells              Type           Power      Damage    Failure   Level
a - Summon Small Mammal   Summ           60%        N/A       3%          1

Your spell library contained the following spells:

 Spells                   Type           Power      Damage    Failure   Level
 Call Imp                 Summ           15%        N/A       5%          2
 Call Canine Familiar     Summ           15%        N/A       11%         3
 Summon Guardian Golem    Hex/Summ       8%         N/A       26%         3
 Summon Lightning Spire   Summ/Air       8%         N/A       63%         4
 Alistair's Intoxication  Tmut/Pois      0%         N/A       99%         5
 Borgnjor's Vile Clutch   Necr/Erth      0%         N/A       99%         5
 Eringya's Noxious Bog    Tmut/Pois      0%         N/A       100%        6


Dungeon Overview and Level Annotations

Branches:
Dungeon (1/15)

Altars:


Innate Abilities, Weirdness & Mutations

You have a small tail.


Message History

The hobgoblin completely misses you.
Your quokka bites the hobgoblin.
You closely miss the hobgoblin.
The hobgoblin is almost dead.
Your bat hits the hobgoblin.
The hobgoblin dies!
Your bat hits the endoplasm but does no damage.
You see here a hobgoblin corpse.
Your quokka bites the endoplasm.
The endoplasm barely misses your bat.
Your bat hits the endoplasm.
Your quokka bites the endoplasm.
The endoplasm dies!
No target in view!
No target in view!
No target in view!
You start resting.
A ball python comes into view.
Your bat misses the ball python. The ball python bites your quokka.
The ball python closely misses your quokka.
Your quokka closely misses the ball python.
Your bat hits the ball python.
The ball python closely misses your quokka.
The ball python barely misses your quokka.
Your quokka bites the ball python.
The ball python dies!
No target in view!
No target in view!
No target in view!
A goblin comes into view. It is wielding a +0 club.
Found 5 stones.
Found a stone staircase leading down.
Your quokka bites the goblin.
The goblin barely misses your quokka.
Your bat closely misses the goblin.
You could not reach far enough!
Your bat hits the goblin. x2
Your quokka completely misses the goblin.
The goblin hits your bat with a +0 club.
Your bat hits the goblin.
The goblin dies!
You have reached level 2!
Your demonic ancestry asserts itself...
You grow a small tail.
Are you sure you want to abandon this character and quit the game? (Confirm with "yes".)

... #..
#.######
...#...
##..#(####
#.####.).......
......br..>#
...###.@.# ..
.!.......###.#
..........##.#
#.#.......##)#
#.........##.#
######....##.#
............#
#######.†...#.#
##..#.#.#


You could see a friendly quokka (summoned) and a friendly bat (summoned).

Vanquished Creatures (collateral kills)
  A ball python (D:1)
  An endoplasm (D:1)
  2 goblins (D:1)
  A hobgoblin (D:1)
  2 rats (D:1)
7 creatures vanquished.

Notes
Turn   | Place    | Note
-------+----------+-------------------------------------------
     0 | D:1      | ryw the Demonspawn Summoner began the quest for the Orb.
     0 | D:1      | Reached XP level 1. HP: 13/13 MP: 3/3
   269 | D:1      | Gained mutation: You have a small tail. [demonic ancestry]
   269 | D:1      | Reached XP level 2. HP: 17/19 MP: 5/5
   269 | D:1      | Quit the game

Illustrated notes

Levels and vault maps discovered:
D:1:      minmay_arrival_wavy_path, layout_basic, nrook_mini_vaults, nrook_uturn

Action                   || total
-------------------------++-------
Melee: Spear             ||     2
       Unarmed           ||     2
 Cast: Summon Small Mamm ||     8
Dodge: Dodged            ||     3

Table legend: (Time is in decaauts)
 A = Elapsed time spent in this place.
 B = Non-inter-level travel time spent in this place.
 C = Inter-level travel time spent in this place.
 D = Time resting spent in this place.
 E = Time spent auto-exploring this place.
 F = Levels seen in this place.
 G = Mean time per level.
                   A        B        C        D        E       F      G
               +--------+--------+--------+--------+--------+-----+--------+
         Total |    268 |    268 |      0 |      3 |    205 |   1 |  268.0 |
       Dungeon |    268 |    268 |      0 |      3 |    205 |   1 |  268.0 |
               +--------+--------+--------+--------+--------+-----+--------+

Top non-repeatable levels by time:
     D:1: 268 daAuts
